AoeStats
← Abo Shajumaro

Arabia

510633017Analyzed
1v1 RM · 19h ago on Oct 1, 2026· 22m 20s· 2 players
Game mode
Random Map
Map size
Tiny (2 player)
Population
200
Speed
Normal
Resources
Standard
Victory
Conquest
Starting age
Dark Age
Ending age
Imperial Age
RankedLock teamsTeams togetherTeam positionsShared explorationLock speedFull tech treeHidden civsTurbo modeCheats
Victory
Defeat
🇨🇴 Vikings · Colombia
1192
+15
🇩🇰 Hindustanis · Denmark
1168
-15
Abo Shajumaro
3:23 Loom
9:59 Feudal Age
10:30 Double-Bit Axe
12:03 Horse Collar
17:59 Fletching
20:37 Wheelbarrow
LordCalingo
6:46 Loom
9:32 Feudal Age
9:34 Man-at-Arms
12:53 Double-Bit Axe
15:27 Fletching
21:13 Castle Age
20:05 Padded Archer Armor
21:19 Crossbowman
21:57 Bodkin Arrow
Connection lost

Rejoining the realm…

Still unreachable

The connection could not be restored.

Session expired

The server has moved on; the page needs a fresh start.